 Dungeon Crawl Stone Soup version 0.31-a0-662-g684573625c (webtiles) character file.

Game seed: 679496282397645155

71 GigaChad the Shield-Bearer (level 4, 0/37 HPs)
             Began as a Formicid Fighter on Sept 1, 2023.
             Slain by a gnoll
             ... wielding a +0 club
              (3 damage)
             ... on level 2 of the Dungeon.
             The game lasted 00:02:08 (1266 turns).

GigaChad the Shield-Bearer (Formicid Fighter)       Turns: 1266, Time: 00:02:08

Health: 0/37       AC:  7    Str: 22    XL:     4   Next: 47%
Magic:  4/4        EV:  9    Int:  8    God:
Gold:   80         SH:  5    Dex: 13    Spells: 3/3 levels left

rFire   . . .        k - +2 rapier "Fajer" {flame, Fragile rElec rCorr Stlth+}
rCold   . . .        c - +0 buckler
rNeg    . . .        b - +0 scale mail
rPois   .            (helmet unavailable)
rElec   +            (no cloak)
rCorr   +            (no gloves)
SInv    +            (no boots)
Will    .....        (no amulet)
Stlth   +            (no ring)
HPRegen 0.26/turn    (no ring)
MPRegen 0.09/turn

%: no passive effects
@: no status effects
A: permanent stasis, dig shafts and tunnels, antennae 3, four strong arms
a: Dig, Shaft Self


You were on level 2 of the Dungeon.
You visited 1 branch of the dungeon, and saw 2 of its levels.

You collected 80 gold pieces.

Inventory:

Hand Weapons
 a - a +0 war axe
 k - the +2 rapier "Fajer" (weapon) {flame, Fragile rElec rCorr Stlth+}
   (You found it on level 2 of the Dungeon)

   rElec:     It insulates you from electricity.
   rCorr:     It protects you from acid and corrosion.
   Fragile:   It will be destroyed if unequipped.
   Stlth+:    It makes you more stealthy.
Armour
 b - a +0 scale mail (worn)
 c - a +0 buckler (worn)
Jewellery
 m - an amulet of faith
Talismans
 e - a flux talisman
Scrolls
 f - a scroll of enchant weapon {unknown}
 g - a scroll of noise {unknown}
Potions
 d - 2 potions of might
 i - a potion of haste {unknown}
 j - 2 potions of curing {unknown}
 l - a potion of ambrosia {unknown}


   Skills:
 * Level 3.7 Fighting
 * Level 0.3 Short Blades
 * Level 2.8 Axes
 * Level 3.9 Armour
 * Level 4.6 Shields
 * Level 0.6 Shapeshifting


You had 3 spell levels left.
You didn't know any spells.
Your spell library was empty.

Dungeon Overview and Level Annotations

Branches:
Dungeon (2/15)

Altars:


Innate Abilities, Weirdness & Mutations

You cannot be hasted, slowed, berserked, paralysed or teleported.
You can dig through walls and to a lower floor.
You have a pair of large antennae on your head. (SInv)
Your four strong arms can wield two-handed weapons with a shield.


Message History

You are too injured to fight recklessly!
Unknown command.
You are too injured to fight recklessly!
Unknown command.
You are too injured to fight recklessly!
Unknown command.
You are too injured to fight recklessly!
You block the giant cockroach's attack.
The frilled lizard attacks as it pursues you!
The frilled lizard barely misses you.
The frilled lizard attacks as it pursues you!
The frilled lizard closely misses you.
The giant cockroach bites you but does no damage.
The frilled lizard attacks as it pursues you!
The frilled lizard barely misses you.
The giant cockroach waves its antennae.
The giant cockroach barely misses you.
You hit the giant cockroach. You burn the giant cockroach.
The giant cockroach is heavily wounded.
The giant cockroach bites you but does no damage.
You hit the giant cockroach. You burn the giant cockroach.
You kill the giant cockroach!
You hit the gnoll but do no damage.
The gnoll hits you but does no damage. x2
You hit the gnoll. You burn the gnoll.
The gnoll is heavily wounded.
The gnoll hits you with a +0 club.
You hit the gnoll but do no damage.
The gnoll is heavily wounded.
The gnoll hits you with a +0 club.
The gnoll hits you from afar with a +0 halberd!
* * * LOW HITPOINT WARNING * * *
You barely miss the gnoll.
The gnoll is heavily wounded.
The gnoll hits you with a +0 club.
* * * LOW HITPOINT WARNING * * *
The gnoll barely misses you.
You barely miss the gnoll.
The gnoll is heavily wounded.
The gnoll hits you with a +0 club.
You die...

#............'. #.
##...#######.##. #.
#....#.....#.##. #.
#.#..#.#.....##. #.
#.#..#.#..†..##.
#.##.#....#.....##.
#.#.............###
#.####r.#.#..>.##
#.@gggl...#......
######g...#######
#....# #....#
#g...# #......
......## ......#
......#


You could see 4 gnolls, a frilled lizard and a rat.

Vanquished Creatures
  2 adders (D:2)
  A worm (D:2)
  2 dart slugs (D:2)
  2 endoplasms (D:1)
  3 giant cockroaches (D:2)
  3 goblins
  6 hobgoblins
  8 jackals
  2 kobolds (D:2)
  A quokka (D:1)
  5 ball pythons
  A bat (D:1)
  2 frilled lizards (D:1)
  5 rats
43 creatures vanquished.

Notes
Turn   | Place    | Note
-------+----------+-------------------------------------------
     0 | D:1      | GigaChad the Formicid Fighter began the quest for the Orb.
     0 | D:1      | Reached XP level 1. HP: 18/18 MP: 1/1
    23 | D:1      | Reached XP level 2. HP: 23/24 MP: 2/2
   209 | D:1      | Reached XP level 3. HP: 29/29 MP: 3/3
   819 | D:2      | Identified the +2 rapier "Fajer" {flame, Fragile rElec
                  | rCorr Stlth+}
   920 | D:2      | Reached XP level 4. HP: 34/37 MP: 4/4
  1266 | D:2      | Slain by a gnoll

Illustrated notes

Levels and vault maps discovered:
D:1:      psy_arrival_terrarium, layout_basic
D:2:      layout_basic

Action                     |  1- 3 |  4- 6 || total
---------------------------+-------+-------++-------
  Melee: War axe           |    58 |       ||    58
         Rapier            |     9 |    38 ||    47
    Use: Scroll            |       |     1 ||     1
 Armour: Scale mail        |    49 |    29 ||    78
  Dodge: Dodged            |    34 |    20 ||    54
  Block: Buckler           |    20 |     7 ||    27

Table legend: (Time is in decaauts)
 A = Elapsed time spent in this place.
 B = Non-inter-level travel time spent in this place.
 C = Inter-level travel time spent in this place.
 D = Time resting spent in this place.
 E = Time spent auto-exploring this place.
 F = Levels seen in this place.
 G = Mean time per level.
                   A        B        C        D        E       F      G
               +--------+--------+--------+--------+--------+-----+--------+
         Total |   1300 |   1263 |     37 |      0 |    941 |   2 |  650.0 |
       Dungeon |   1300 |   1263 |     37 |      0 |    941 |   2 |  650.0 |
               +--------+--------+--------+--------+--------+-----+--------+

Top non-repeatable levels by time:
     D:1: 737 daAuts
     D:2: 563 daAuts
